3AAA
GRYFINDOR BRAVES @ VERMONT LAKE MONSTERS
08/27/2019
 
TOP OF THE 1ST
Gryfindor Braves batting - Pitching for Vermont Lake Monsters : RHP Pablo De La Torre
Pitching: RHP Pablo De La Torre
Batting: LHB Iván Flores 0-0: Ground out 4-3 (Groundball, 4)
Batting: SHB Reed Ramsey 0-0: Ball
1-0: Called Strike
1-1: Foul Ball, location: 2F
1-2: Strikes out swinging
Batting: RHB Kyle Wilson 0-0: Foul Ball, location: 2F
0-1: Ball
1-1: Fly out, F9 (Line Drive, 9S)
Top of the 1st over - 0 run(s), 0 hit(s), 0 error(s), 0 left on base; Gryfindor 0 - Vermont 0
BOTTOM OF THE 1ST
Vermont Lake Monsters batting - Pitching for Gryfindor Braves : LHP Jim Unknown
Pitching: LHP Jim Unknown
Batting: LHB Dave Burns 0-0: Foul Ball, location: 2F
0-1: Ball
1-1: Called Strike
1-2: Foul Ball, location: 2F
1-2: Ball
2-2: Ball
3-2: Foul Ball, location: 2F
3-2: TRIPLE (Line Drive, 7LM)
Batting: RHB Ralph May 0-0: Ball
1-0: Ball
2-0: Ball
3-0: Called Strike
3-1: 2-RUN HOME RUN (Line Drive, 7D), Distance : 393 ft
Batting: LHB John Brewer 0-0: Called Strike
0-1: Called Strike
0-2: Ball
1-2: Foul Ball, location: 2F
1-2: SINGLE (Groundball, 15S) (infield hit)
Batting: LHB Theodore Shaw 0-0: Foul Ball, location: 2F
0-1: Called Strike
0-2: Ball
1-2: Ball
2-2: Ball
3-2: Foul Ball, location: 2F
3-2: Fly out, F8 (Flyball, 8LD)
Batting: RHB Pat Ings 0-0: Ball
1-0: Swinging Strike
1-1: Foul Ball, location: 2F
1-2: Strikes out swinging
Batting: RHB Teddy Pelham 0-0: Ball
1-0: Foul Ball, location: 2F
1-1: Ball
2-1: Ball
3-1: Foul Ball, location: 2F
3-2: Foul Ball, location: 2F
3-2: Foul Ball, location: 2F
3-2: Base on Balls
John Brewer to second
Batting: LHB Tim Hill 0-0: Ball
1-0: Ground out U3 (Groundball, 3)
Bottom of the 1st over - 2 run(s), 3 hit(s), 0 error(s), 2 left on base; Gryfindor 0 - Vermont 2
TOP OF THE 2ND
Gryfindor Braves batting - Pitching for Vermont Lake Monsters : RHP Pablo De La Torre
Batting: LHB Stephen Baird 0-0: Called Strike
0-1: Ball
1-1: Called Strike
1-2: Ball
2-2: Strikes out swinging
Batting: LHB Chris Thurman 0-0: Ball
1-0: Ball
2-0: Foul Ball, location: 2F
2-1: Ball
3-1: Swinging Strike
3-2: Strikes out swinging
Batting: RHB Claudio Pérez 0-0: Ball
1-0: Called Strike
1-1: Called Strike
1-2: SINGLE (Line Drive, 6MD)
Batting: RHB Jong-duk Kim 0-0: Ball
1-0: Swinging Strike
1-1: Ball
2-1: 2-RUN HOME RUN (Flyball, 7D), Distance : 379 ft
Batting: RHB Jim Unknown 0-0: Ball
1-0: Called Strike
1-1: Ball
2-1: Ball
3-1: Base on Balls
Batting: RHB Jim Unknown 0-0: Ball
1-0: Called Strike
1-1: Ball
2-1: Swinging Strike
2-2: Ball
Wild Pitch!
Jim Unknown to second
3-2: Foul Ball, location: 2F
3-2: Foul Ball, location: 2F
3-2: Strikes out looking
Top of the 2nd over - 2 run(s), 2 hit(s), 0 error(s), 1 left on base; Gryfindor 2 - Vermont 2
BOTTOM OF THE 2ND
Vermont Lake Monsters batting - Pitching for Gryfindor Braves : LHP Jim Unknown
Batting: RHB Daniel Cooper 0-0: Foul Ball, location: 2F
0-1: Ball
1-1: Ball
2-1: Foul Ball, location: 2F
2-2: Ball
3-2: Foul Ball, location: 2F
3-2: Ground out 6-3 (Groundball, 6M)
Batting: SHB Miguel Soto 0-0: Ball
1-0: Foul Ball, location: 2F
1-1: Ground out 6-3 (Groundball, 6)
Batting: LHB Dave Burns 0-0: Ground out 6-3 (Groundball, 6)
Bottom of the 2nd over - 0 run(s), 0 hit(s), 0 error(s), 0 left on base; Gryfindor 2 - Vermont 2
TOP OF THE 3RD
Gryfindor Braves batting - Pitching for Vermont Lake Monsters : RHP Pablo De La Torre
Batting: LHB Iván Flores 0-0: DOUBLE (Line Drive, 9LM)
Batting: SHB Reed Ramsey 0-0: Called Strike
0-1: Swinging Strike
0-2: Ball
1-2: Strikes out looking
Batting: RHB Kyle Wilson 0-0: Ball
1-0: Ground out 3-1 (Groundball, 34)
Iván Flores to third
Batting: LHB Stephen Baird 0-0: Ball
1-0: Foul Ball, location: 2F
1-1: Foul Ball, location: 2F
1-2: Ball
2-2: Foul Ball, location: 2F
2-2: Foul Ball, location: 2F
2-2: Foul Ball, location: 2F
2-2: Ball
3-2: Foul Ball, location: 2F
3-2: SINGLE (Line Drive, 3D)
Iván Flores scores
Batting: LHB Chris Thurman 0-0: Ball
1-0: Swinging Strike
1-1: Ground out 3-1 (Groundball, 34)
Top of the 3rd over - 1 run(s), 2 hit(s), 0 error(s), 1 left on base; Gryfindor 3 - Vermont 2
BOTTOM OF THE 3RD
Vermont Lake Monsters batting - Pitching for Gryfindor Braves : LHP Jim Unknown
Batting: RHB Ralph May 0-0: Ball
1-0: Ball
2-0: Ground out 5-3 (Groundball, 5)
Batting: LHB John Brewer 0-0: Called Strike
0-1: Swinging Strike
0-2: Foul Ball, location: 2F
0-2: Ball
1-2: Ball
2-2: Fly out, F7 (Flyball, 7LM)
Batting: LHB Theodore Shaw 0-0: Ball
1-0: Ground out 6-3 (Groundball, 6)
Bottom of the 3rd over - 0 run(s), 0 hit(s), 0 error(s), 0 left on base; Gryfindor 3 - Vermont 2
TOP OF THE 4TH
Gryfindor Braves batting - Pitching for Vermont Lake Monsters : RHP Pablo De La Torre
Batting: RHB Claudio Pérez 0-0: Foul Ball, location: 2F
0-1: Foul Ball, location: 2F
0-2: Ground out 5-3 (Groundball, 56S)
Batting: RHB Jong-duk Kim 0-0: Ball
1-0: Foul Ball, location: 2F
1-1: Ball
2-1: Ball
3-1: Base on Balls
Batting: RHB Jim Unknown 0-0: Foul Ball, location: 2F
0-1: Foul Ball, location: 2F
0-2: Strikes out swinging
Batting: RHB Jim Unknown 0-0: Ball
1-0: Ball
2-0: Called Strike
2-1: Ball
3-1: Base on Balls
Jong-duk Kim to second
Batting: LHB Iván Flores 0-0: Called Strike
0-1: Ball
1-1: Ball
2-1: Ball
3-1: Foul Ball, location: 2F
3-2: Foul Ball, location: 2F
3-2: Strikes out swinging
Top of the 4th over - 0 run(s), 0 hit(s), 0 error(s), 2 left on base; Gryfindor 3 - Vermont 2
BOTTOM OF THE 4TH
Vermont Lake Monsters batting - Pitching for Gryfindor Braves : LHP Jim Unknown
Batting: RHB Pat Ings 0-0: Ball
1-0: Ball
2-0: Ground out 6-3 (Groundball, 6M)
Batting: RHB Teddy Pelham 0-0: Foul Ball, location: 2F
0-1: Swinging Strike
0-2: Foul Ball, location: 2F
0-2: Ball
1-2: Ball
2-2: Strikes out swinging
Batting: LHB Tim Hill 0-0: Called Strike
0-1: Foul Ball, location: 2F
0-2: Ball
1-2: Ground out 4-3 (Groundball, 34D)
Bottom of the 4th over - 0 run(s), 0 hit(s), 0 error(s), 0 left on base; Gryfindor 3 - Vermont 2
TOP OF THE 5TH
Gryfindor Braves batting - Pitching for Vermont Lake Monsters : RHP Pablo De La Torre
Batting: SHB Reed Ramsey 0-0: Fly out, F7 (Flyball, 78M)
Batting: RHB Kyle Wilson 0-0: SINGLE (Line Drive, 7LS)
Batting: LHB Stephen Baird 0-0: Foul Ball, location: 2F
0-1: Foul Ball, location: 2F
0-2: Strikes out swinging
Batting: LHB Chris Thurman 0-0: Ball
1-0: Swinging Strike
1-1: Foul Ball, location: 2F
1-2: Ball
2-2: Ball
3-2: SINGLE (Groundball, 4MD)
Kyle Wilson to second
Kyle Wilson to third
Pitching: RHP Alexander Allen
Batting: RHB Claudio Pérez 0-0: Called Strike
0-1: Ball
1-1: Called Strike
1-2: Ball
2-2: Ball
3-2: Base on Balls
Chris Thurman to second
Batting: RHB Jong-duk Kim 0-0: Called Strike
0-1: Ball
1-1: Swinging Strike
1-2: Foul Ball, location: 2F
1-2: Foul Ball, location: 2F
1-2: Fly out, F3 (Line Drive, 3L)
Top of the 5th over - 0 run(s), 2 hit(s), 0 error(s), 3 left on base; Gryfindor 3 - Vermont 2
BOTTOM OF THE 5TH
Vermont Lake Monsters batting - Pitching for Gryfindor Braves : LHP Jim Unknown
Batting: RHB Daniel Cooper 0-0: Called Strike
0-1: Called Strike
0-2: Fly out, F9 (Flyball, 9M)
Batting: SHB Miguel Soto 0-0: Ball
1-0: Ground out 6-3 (Groundball, 6M)
Batting: LHB Dave Burns 0-0: Called Strike
0-1: Ball
1-1: Called Strike
1-2: Foul Ball, location: 2F
1-2: SOLO HOME RUN (Flyball, 8RXD), Distance : 441 ft
Batting: RHB Ralph May 0-0: Ball
1-0: Called Strike
1-1: Ball
2-1: Foul Ball, location: 2F
2-2: Fly out, F9 (Flyball, 89M)
Bottom of the 5th over - 1 run(s), 1 hit(s), 0 error(s), 0 left on base; Gryfindor 3 - Vermont 3
TOP OF THE 6TH
Gryfindor Braves batting - Pitching for Vermont Lake Monsters : RHP Alexander Allen
Batting: RHB Jim Unknown 0-0: Swinging Strike
0-1: Called Strike
0-2: Strikes out looking
Batting: RHB Jim Unknown 0-0: Called Strike
0-1: Foul Ball, location: 2F
0-2: Ball
1-2: Ball
2-2: Strikes out looking
Batting: LHB Iván Flores 0-0: Swinging Strike
0-1: Ball
1-1: Foul Ball, location: 2F
1-2: Strikes out swinging
Top of the 6th over - 0 run(s), 0 hit(s), 0 error(s), 0 left on base; Gryfindor 3 - Vermont 3
BOTTOM OF THE 6TH
Vermont Lake Monsters batting - Pitching for Gryfindor Braves : LHP Jim Unknown
Batting: LHB John Brewer 0-0: Ball
1-0: Ball
2-0: Ball
3-0: Foul Ball, location: 2F
3-1: Ground out 1-3 (Groundball, 13)
Batting: LHB Theodore Shaw 0-0: Ball
1-0: Ball
2-0: Called Strike
2-1: SINGLE (Line Drive, 89S)
Batting: RHB Pat Ings 0-0: DOUBLE (Line Drive, 89D)
Theodore Shaw to third
Batting: RHB Teddy Pelham 0-0: Reached on error, E5 (Groundball, 56)
Theodore Shaw scores
Pat Ings scores
Pitching: RHP Victor Benton
Batting: LHB Tim Hill 0-0: Intentional Walk
Batting: RHB Daniel Cooper 0-0: Grounds into double play, 4-6-3 (Groundball, 4)
Bottom of the 6th over - 2 run(s), 2 hit(s), 1 error(s), 1 left on base; Gryfindor 3 - Vermont 5
TOP OF THE 7TH
Gryfindor Braves batting - Pitching for Vermont Lake Monsters : RHP Alexander Allen
Batting: SHB Reed Ramsey 0-0: Ball
1-0: SINGLE (Line Drive, 78M)
Batting: RHB Kyle Wilson 0-0: Ball
1-0: Called Strike
1-1: Foul Ball, location: 2F
1-2: Strikes out swinging
Pitching: LHP Gustavo Rúbio
Batting: LHB Stephen Baird 0-0: Ball
1-0: Ball
2-0: Foul Ball, location: 2F
2-1: SINGLE (Line Drive, 3D)
Reed Ramsey to second
Pitching: LHP Carl Dyess
Pinch Hitting: RHB Jim Unknown 0-0: Ball
1-0: Ball
2-0: Ball
3-0: Base on Balls
Reed Ramsey to third
Stephen Baird to second
Pinch Hitting: RHB Jim Unknown 0-0: SINGLE (Groundball, 4MD)
Reed Ramsey scores
Stephen Baird to third
Jim Unknown to second
Runner from 3rd tries for Home, SAFE, throw made home
Batting: RHB Jong-duk Kim 0-0: Called Strike
0-1: Ball
1-1: Ball
2-1: Ball
3-1: Ground out 2-3 (Groundball, 25)
Jim Unknown to third
Jim Unknown to second
Batting: RHB Jim Unknown 0-0: Ball
1-0: Called Strike
1-1: DOUBLE (Flyball, 9LS)
Jim Unknown scores
Jim Unknown scores
Batting: RHB Jim Unknown 0-0: Ball
1-0: Called Strike
1-1: Fly out, F5 (Line Drive, 5)
Top of the 7th over - 4 run(s), 4 hit(s), 0 error(s), 1 left on base; Gryfindor 7 - Vermont 5
BOTTOM OF THE 7TH
Vermont Lake Monsters batting - Pitching for Gryfindor Braves : RHP Victor Benton
Now at SS: Jim Unknown
Now in LF: Jim Unknown
Batting: SHB Miguel Soto 0-0: Foul Ball, location: 2F
0-1: Called Strike
0-2: Strikes out swinging
Batting: LHB Dave Burns 0-0: Ball
1-0: Ball
2-0: Ground out 4-3 (Groundball, 4)
Batting: RHB Ralph May 0-0: Ground out 6-3 (Groundball, 6)
Bottom of the 7th over - 0 run(s), 0 hit(s), 0 error(s), 0 left on base; Gryfindor 7 - Vermont 5
TOP OF THE 8TH
Gryfindor Braves batting - Pitching for Vermont Lake Monsters : LHP Carl Dyess
Batting: LHB Iván Flores 0-0: Ball
1-0: Ball
2-0: Foul Ball, location: 2F
2-1: Called Strike
2-2: Strikes out swinging, 2-3 out at first.
Batting: SHB Reed Ramsey 0-0: Foul Ball, location: 2F
0-1: Ball
1-1: Swinging Strike
1-2: Reached on error, E6 (Groundball, 6M)
Batting: RHB Kyle Wilson 0-0: Foul Ball, location: 2F
0-1: Ball
1-1: Ball
2-1: Ball
3-1: Base on Balls
Reed Ramsey to second
Batting: LHB Stephen Baird 0-0: Swinging Strike
0-1: Fly out, F8 (Flyball, 8RM)
Runner from 2nd tags up, SAFE at 3rd with throw
Batting: RHB Jim Unknown 0-0: Ball
1-0: Ground out 1-3 (Groundball, 25)
Top of the 8th over - 0 run(s), 0 hit(s), 1 error(s), 2 left on base; Gryfindor 7 - Vermont 5
BOTTOM OF THE 8TH
Vermont Lake Monsters batting - Pitching for Gryfindor Braves : RHP Victor Benton
Batting: LHB John Brewer 0-0: Ball
1-0: Foul Ball, location: 2F
1-1: Ball
2-1: Ball
3-1: Base on Balls
Pitching: LHP Jim Unknown
Batting: LHB Theodore Shaw 0-0: Foul Ball, location: 2F
0-1: Swinging Strike
0-2: Foul Ball, location: 2F
0-2: Ball
1-2: Strikes out swinging
Pitching: LHP Jim Unknown
Batting: RHB Pat Ings 0-0: Foul Ball, location: 2F
0-1: Fielders Choice at 2nd, 6-4 (Groundball, 6M)
Pitching: RHP Jim Unknown
Batting: RHB Teddy Pelham 0-0: Called Strike
0-1: Ball
1-1: Ball
2-1: Fly out, F4 (Popup, 3DF)
Bottom of the 8th over - 0 run(s), 0 hit(s), 0 error(s), 1 left on base; Gryfindor 7 - Vermont 5
TOP OF THE 9TH
Gryfindor Braves batting - Pitching for Vermont Lake Monsters : LHP Carl Dyess
Pitching: RHP Ed Jacobs
Batting: RHB Jim Unknown 0-0: Ball
1-0: Called Strike
1-1: Ball
2-1: Called Strike
2-2: Strikes out swinging
Batting: RHB Jong-duk Kim 0-0: Ground out 5-3 (Groundball, 56)
Batting: RHB Jim Unknown 0-0: Swinging Strike
0-1: Swinging Strike
0-2: Foul Ball, location: 2F
0-2: Ball
1-2: Ground out 5-3 (Groundball, 56)
Top of the 9th over - 0 run(s), 0 hit(s), 0 error(s), 0 left on base; Gryfindor 7 - Vermont 5
BOTTOM OF THE 9TH
Vermont Lake Monsters batting - Pitching for Gryfindor Braves : RHP Jim Unknown
Pitching: RHP Ed McWhannell
Batting: LHB Tim Hill 0-0: Called Strike
0-1: Swinging Strike
0-2: Ball
1-2: Strikes out swinging
Batting: RHB Daniel Cooper 0-0: Ball
1-0: Swinging Strike
1-1: Ground out 4-3 (Groundball, 34)
Batting: SHB Miguel Soto 0-0: Called Strike
0-1: Swinging Strike
0-2: Ball
1-2: Foul Ball, location: 2F
1-2: Fly out, F8 (Flyball, 8LXD)
Bottom of the 9th over - 0 run(s), 0 hit(s), 0 error(s), 0 left on base; Gryfindor 7 - Vermont 5
This league is powered by Out of the Park Baseball, the baseball management simulation game for PC, Mac and Linux
Saturday, July 25th, 2015 - OOTP Baseball 15.6 Build 34